Map: Ley Lines

Players

Cognuts - Winner!

  • Race: Zerg Zerg
  • League: Diamond
  • Spawn Location: 1:00

LekkuSu

  • Race: Zerg Zerg
  • League: Master
  • Spawn Location: 7:00

VOD

Have the link to the VOD?

Description

confused.

Time

  • Played on: Oct. 31, 2025, 1:27 a.m.
  • Length: 10:25
Show
View Real Time Build Order
Export as new Build Order

Cognuts Zerg - Winner!

Build Orders: Pool First 

Get SALT Encoding   

  12  0:07  Drone  
  12  0:09  Drone  
  14  0:22  Drone, Extractor  
  15  0:36  Spawning Pool  
  15  0:38  Extractor  
  15  0:39  Drone  
  15  0:43  Overlord  
  15  1:03  Hatchery  
  14  1:06  Drone  
  14  1:10  Drone  
  16  1:13  Drone  
  16  1:17  Extractor  
  16  1:23  Drone  
  17  1:31  Drone  
  18  1:35  Queen  
  21  1:40  Drone  
  21  1:49  Overlord  
  21  2:02  Drone  
  22  2:16  Queen  
  22  2:18  Drone x2  
  26  2:24  Metabolic Boost  
  26  2:27  Queen  
  28  2:33  Drone  
  28  2:34  Drone  
  30  2:40  Overlord  
  30  2:47  Drone x2  
  32  2:54  Baneling Nest  
  32  2:57  Drone x2  
  33  3:04  Drone x3  
  36  3:11  Drone x2  
  38  3:22  Overlord x2  
  38  3:23  Zergling x4  
  38  3:25  Zergling x2  
  41  3:37  Extractor  
  41  3:38  Zergling x2  
  41  3:39  Zergling x6  
  44  3:58  Drone  
  44  3:59  Drone x6  
  51  4:05  Hatchery  
  50  4:10  Evolution Chamber  
  50  4:12  Evolution Chamber  
  50  4:16  Roach Warren  
  47  4:36  Evolution Chamber  
  47  4:37  Drone x8, Evolution Chamber  
  47  4:38  Drone  
  54  4:40  Overlord  
  54  4:43  Overlord  
  54  4:52  Baneling x3  
  54  4:53  Baneling  
  54  4:58  Zerg Missile Weapons Level 1  
  54  5:00  Zerg Ground Armor Level 1  
  54  5:01  Roach  
  54  5:06  Extractor x2  
  54  5:07  Lair  
  54  5:13  Drone x2  
  54  5:14  Drone x2  
  58  5:20  Queen  
  60  5:40  Roach  
  60  5:41  Roach x7  
  76  5:44  Spore Crawler  
  76  5:48  Spore Crawler  
  76  5:49  Drone x2  
  76  6:00  Roach x2  
  76  6:01  Roach  
  82  6:09  Overlord  
  82  6:10  Overlord x2  
  82  6:29  Roach  
  82  6:30  Roach x6  
  96  6:39  Overseer  
  96  6:44  Drone x2  
  96  6:45  Overlord  
  96  6:46  Overlord x2  
  98  6:48  Overseer  
  96  6:56  Spore Crawler, Overlord x2  
  95  7:04  Glial Reconstitution  
  95  7:07  Zerg Missile Weapons Level 2  
  95  7:09  Zerg Ground Armor Level 2  
  95  7:12  Drone  
  96  7:20  Roach  
  96  7:21  Roach x2  
  102  7:24  Ravager x3  
  102  7:25  Ravager  
  106  7:31  Roach x2  
  106  7:32  Roach  
  112  7:50  Hatchery  
  111  7:53  Roach x3  
  111  7:55  Ravager x3  
  120  8:00  Overlord  
  120  8:21  Roach  
  120  8:22  Roach x8  
  120  8:23  Roach  
  139  8:27  Overlord  
  139  8:34  Infestation Pit  
  138  8:46  Roach x7  
  152  9:00  Overlord  
  152  9:01  Overlord x3  
  135  9:32  Roach x4  
  135  9:33  Roach x8  
  147  9:38  Roach  
  147  9:39  Roach x2  
  146  9:48  Roach x3  
Show
View Real Time Build Order
Export as new Build Order

LekkuSu Zerg 

Build Orders: Hatch First, Roach Hydra 

Get SALT Encoding   

  12  0:00  Drone  
  13  0:12  Overlord  
  13  0:17  Drone  
  14  0:31  Drone x2  
  16  0:46  Hatchery  
  15  0:51  Drone  
  16  0:57  Drone x2  
  18  1:06  Drone  
  18  1:09  Extractor  
  18  1:17  Spawning Pool  
  17  1:21  Drone  
  18  1:31  Drone  
  19  1:39  Drone  
  20  1:49  Overlord  
  20  2:03  Queen  
  20  2:04  Queen  
  20  2:07  Drone  
  25  2:17  Metabolic Boost, Drone  
  25  2:21  Drone x3  
  29  2:24  Drone  
  30  2:30  Overlord  
  30  2:33  Drone  
  31  2:44  Queen  
  31  2:47  Queen  
  35  2:55  Zergling x4  
  35  2:56  Drone x2  
  39  3:03  Drone  
  39  3:05  Drone  
  41  3:12  Drone x2  
  43  3:13  Drone  
  44  3:31  Extractor  
  44  3:32  Extractor  
  42  3:36  Drone x2  
  42  3:37  Roach Warren  
  42  3:38  Evolution Chamber, Overlord  
  42  3:39  Evolution Chamber  
  42  3:41  Drone x3  
  44  3:49  Overlord x2  
  44  3:56  Zergling x2  
  44  3:57  Zergling x8  
  44  4:01  Drone x2  
  51  4:06  Drone  
  51  4:09  Zergling x2  
  53  4:13  Overlord  
  53  4:14  Zergling x2  
  54  4:23  Drone x3  
  57  4:28  Overlord x2  
  57  4:30  Lair  
  57  4:40  Zerg Ground Armor Level 1  
  57  4:41  Drone x2  
  59  4:50  Roach x2, Overlord x2  
  63  4:53  Extractor  
  62  5:00  Roach x3  
  68  5:11  Hatchery  
  67  5:15  Drone x2  
  67  5:20  Roach  
  71  5:22  Spore Crawler, Roach  
  71  5:25  Spore Crawler  
  71  5:29  Spore Crawler, Drone  
  71  5:35  Drone  
  72  5:39  Drone  
  73  5:44  Drone, Roach x2  
  73  5:49  Overseer  
  78  5:51  Glial Reconstitution  
  78  5:58  Hydralisk Den  
  78  5:59  Spore Crawler, Drone x2  
  78  6:00  Spore Crawler  
  78  6:01  Overseer  
  77  6:04  Drone  
  77  6:06  Ravager x3  
  81  6:21  Roach x5  
  81  6:23  Drone  
  90  6:28  Drone x3  
  93  6:34  Drone x3  
  93  6:38  Ravager x3  
  99  6:41  Overlord  
  99  6:49  Overlord x2  
  99  6:58  Overlord x2  
  99  7:02  Muscular Augments  
  99  7:04  Infestation Pit, Drone x2  
  100  7:14  Drone x5  
  105  7:16  Drone x3  
  105  7:17  Extractor  
  105  7:20  Drone x2  
  105  7:22  Drone x2  
  111  7:24  Roach  
  111  7:28  Zerg Missile Weapons Level 1  
  111  7:29  Drone  
  114  7:30  Drone  
  114  7:35  Roach x2  
  119  7:40  Extractor  
  119  7:41  Drone x2  
  120  7:45  Roach x4  
  120  7:46  Overseer  
  120  7:48  Overlord  
  120  7:50  Hydralisk  
  130  7:55  Lurker Den  
  129  7:58  Drone  
  129  7:59  Drone x2  
  132  8:06  Zerg Ground Armor Level 2, Grooved Spines  
  132  8:08  Hydralisk  
  134  8:13  Overseer  
  134  8:20  Hydralisk  
  134  8:24  Drone  
  137  8:34  Extractor  
  137  8:46  Hatchery  
  136  8:49  Drone  
  136  8:50  Overlord x2  
  136  8:54  Spine Crawler  
  136  8:55  Hydralisk, Spine Crawler  
  135  8:57  Spine Crawler  
  136  9:06  Overlord x2  
  136  9:07  Overlord x2  
  136  9:11  Hive  
  136  9:14  Hydralisk x4  
  136  9:16  Hydralisk x2  
  136  9:17  Hydralisk  
  144  9:23  Hydralisk x2  
  143  9:27  Hydralisk x2  
  143  9:33  Hydralisk x3  
  143  9:34  Hydralisk  
  143  9:35  Hydralisk x3  
  127  9:40  Hydralisk x2  
  127  9:41  Hydralisk  
  127  9:44  Hydralisk  
  127  9:45  Hydralisk x2  
  105  9:49  Lurker  
  82  10:00  Roach  
  82  10:05  Roach x2  
Tags
 
Composition
Roach Hydra
Matchup
ZvZ
Race
Zerg
Spawn Locations
Cross Positions
Add a new tag
Caveats
  • Supply blocks, unpowered buildings, or Contaminate may cause inaccurate times.
  • Supply counts are checked every 10 seconds.